 Dungeon Crawl Stone Soup version 0.21.1-1-g345015f (webtiles) character file.

133 Flooderbenga the Grave Robber (level 5, -2/37 HPs)
             Began as a Gnoll Necromancer on Apr 3, 2018.
             Slain by Ijyb
             ... wielding a +0 club
              (3 damage)
             ... on level 4 of the Dungeon.
             The game lasted 00:29:13 (838 turns).

Flooderbenga the Grave Robber (Gnoll Necromancer)    Turns: 838, Time: 00:29:14

Health: -2/37      AC:  3    Str: 10    XL:     5   Next: 16%
Magic:  0/12       EV: 14    Int: 18    God:
Gold:   103        SH:  0    Dex: 16    Spells: 6/14 levels left

rFire    . . .     SeeInvis .   x - -3 dagger
rCold    . . .     Gourm    .   (no shield)
rNeg     + . .     Faith    .   y - +0 leather armour
rPois    .         Spirit   .   (no helmet)
rElec    .         Reflect  .   (no cloak)
rCorr    .         Harm     .   (no gloves)
MR       .....                  (no boots)
Stlth    +++.......             t - amulet of inaccuracy
HPRegen  0.12/turn              f - ring of positive energy
MPRegen  0.13/turn              (no ring)

@: very slightly contaminated
A: distributed training, fangs 1, strong nose
a: no special abilities


You were on level 4 of the Dungeon.
You were not hungry.

You visited 1 branch of the dungeon, and saw 4 of its levels.

You collected 103 gold pieces.

Inventory:

Hand Weapons
 a - a +0 quarterstaff
 b - a +0 hunting sling
 x - a -3 dagger (weapon)
Missiles
 d - 19 stones (quivered)
 g - 16 bolts
 i - 4 tomahawks
 o - a throwing net {!f}
 q - 22 sling bullets
Armour
 y - a +0 leather armour (worn)
Jewellery
 f - a ring of positive energy (left hand)
 t - an amulet of inaccuracy (around neck)
Scrolls
 h - a scroll of random uselessness {unknown}
 k - a scroll of enchant weapon {unknown}
 l - a scroll of teleportation {@r3}
 m - a scroll of blinking {unknown}
 p - a scroll of remove curse {@r2}
 r - 2 scrolls of identify {@r1}
 u - 2 scrolls of amnesia {unknown}
Potions
 e - a potion of invisibility
 s - a potion of mutation
 v - a potion of curing {unknown}
 w - a potion of berserk rage
Books
 n - a book of Necromancy

   Spells                             Type                      Level
   a - Pain                           Necromancy                   1
   b - Animate Skeleton               Necromancy                   1
   c - Vampiric Draining              Necromancy                   3
   d - Regeneration                   Charms/Necromancy            3
   e - Animate Dead                   Necromancy                   4
   f - Borgnjor's Vile Clutch         Necromancy/Earth             5
Comestibles
 c - 6 rations


   Skills:
 + Level 1.3 Fighting
 + Level 1.3 Short Blades
 + Level 1.3 Long Blades
 + Level 1.3 Axes
 + Level 1.3 Maces & Flails
 + Level 1.3 Polearms
 + Level 1.3 Staves
 + Level 1.3 Slings
 + Level 1.3 Bows
 + Level 1.3 Crossbows
 + Level 1.3 Throwing
 + Level 1.3 Armour
 + Level 4.7 Dodging
 + Level 4.3 Stealth
 + Level 1.3 Shields
 + Level 1.3 Unarmed Combat
 + Level 5.1 Spellcasting
 + Level 1.1 Conjurations
 + Level 1.1 Hexes
 + Level 1.1 Charms
 + Level 1.1 Summonings
 + Level 7.1 Necromancy
 + Level 1.1 Translocations
 + Level 1.1 Transmutations
 + Level 1.1 Fire Magic
 + Level 1.1 Ice Magic
 + Level 1.1 Air Magic
 + Level 1.1 Earth Magic
 + Level 1.1 Poison Magic
 + Level 1.5 Invocations
 + Level 1.3 Evocations


You had 6 spell levels left.
You knew the following spells:

 Your Spells              Type           Power        Failure   Level  Hunger
a - Pain                  Necr           ####         1%          1    None
b - Vampiric Draining     Necr           ####......   2%          3    ##.....
r - Regeneration          Chrm/Necr      ###.......   10%         3    ##.....
z - Animate Skeleton      Necr           N/A          1%          1    None


Dungeon Overview and Level Annotations

Branches:
Dungeon (4/15)
 Temple: D:4-7

Altars:
Sif Muna

Annotations:
D:3 MajorAdolf's ghost, amateur DEWz
D:4 Ijyb


Innate Abilities, Weirdness & Mutations

Your experience applies equally to all skills.
You have very sharp teeth.
Your uncanny sense of smell can sniff out nearby items.


Message History

It was a scroll of remove curse.
You recover from your berserk rage.
Your surroundings suddenly seem different.
Found an inky potion.
An adder and Ijyb come into view.
Here: Ijyb, wielding a club and wearing a leather armour (resting)
The floor.
The helpless Ijyb fails to defend herself.
You puncture Ijyb! Your bite misses Ijyb. Ijyb hits you with a club.
* * * LOW HITPOINT WARNING * * *
You take 4 damage, and have 1/37 hp.
Aim: Ijyb, wielding a club and wearing a leather armour (severely wounded, chance to defeat MR: 89%) Ijyb barely resists.
Ijyb misses you.
You now have 1/12 mp.
Aim: Ijyb, wielding a club and wearing a leather armour (severely wounded, chance to defeat MR: 89%) Ijyb barely resists.
Ijyb misses you.
You take 1 damage, and have 1/37 hp.
Aim: Ijyb, wielding a club and wearing a leather armour (severely wounded, chance to defeat MR: 89%) Ijyb writhes in agony!
Ijyb hits you with a club.
You die...

∆ # .# #
#.##
.####.##g..#
.......@...#
.####.##S..#
# ...# ∆
....!
.......
.....#.
...### ...#


You could see Ijyb and an adder.

Vanquished Creatures
  Natasha (twice) (D:3)
  4 adders
  An ooze (D:3)
  A leopard gecko (D:3)
  5 orcs
  A giant cockroach (D:1)
  2 goblins
  2 hobgoblins (D:1)
  5 bats
  6 frilled lizards
  11 kobolds
  3 rats
43 creatures vanquished.

Notes
Turn   | Place    | Note
-------+----------+-------------------------------------------
     0 | D:1      | Flooderbenga the Gnoll Necromancer began the quest for the Orb.
     0 | D:1      | Reached XP level 1. HP: 13/13 MP: 6/6
    50 | D:1      | Learned a level 1 spell: Animate Skeleton
   166 | D:2      | Reached XP level 2. HP: 14/19 MP: 1/7
   187 | D:3      | Noticed MajorAdolf's ghost (amateur DEWz)
   428 | D:1      | Reached XP level 3. HP: 10/25 MP: 7/9
   476 | D:1      | Reached skill level 5 in Spellcasting
   488 | D:1      | Learned a level 3 spell: Regeneration
   596 | D:2      | Learned a level 3 spell: Vampiric Draining
   608 | D:2      | Reached skill level 1 in Invocations
   669 | D:2      | Reached skill level 1 in Fighting
   669 | D:2      | Reached skill level 1 in Short Blades
   669 | D:2      | Reached skill level 1 in Long Blades
   669 | D:2      | Reached skill level 1 in Axes
   669 | D:2      | Reached skill level 1 in Maces & Flails
   669 | D:2      | Reached skill level 1 in Polearms
   669 | D:2      | Reached skill level 1 in Staves
   669 | D:2      | Reached skill level 1 in Slings
   669 | D:2      | Reached skill level 1 in Bows
   669 | D:2      | Reached skill level 1 in Crossbows
   669 | D:2      | Reached skill level 1 in Throwing
   669 | D:2      | Reached skill level 1 in Armour
   669 | D:2      | Reached skill level 1 in Shields
   669 | D:2      | Reached skill level 1 in Unarmed Combat
   669 | D:2      | Reached skill level 1 in Evocations
   669 | D:2      | Reached XP level 4. HP: 23/32 MP: 1/11
   680 | D:2      | Found a deep blue altar of Sif Muna.
   750 | D:3      | Noticed Natasha
   754 | D:3      | Killed Natasha
   773 | D:3      | Reached skill level 1 in Conjurations
   773 | D:3      | Reached skill level 1 in Hexes
   773 | D:3      | Reached skill level 1 in Charms
   773 | D:3      | Reached skill level 1 in Summonings
   773 | D:3      | Reached skill level 1 in Translocations
   773 | D:3      | Reached skill level 1 in Transmutations
   773 | D:3      | Reached skill level 1 in Fire Magic
   773 | D:3      | Reached skill level 1 in Ice Magic
   773 | D:3      | Reached skill level 1 in Air Magic
   773 | D:3      | Reached skill level 1 in Earth Magic
   773 | D:3      | Reached skill level 1 in Poison Magic
   774 | D:3      | Noticed Natasha
   787 | D:3      | Killed Natasha
   787 | D:3      | Reached XP level 5. HP: 3/37 MP: 2/12
   835 | D:4      | Noticed Ijyb
   835 | D:4      | HP: 1/37 [Ijyb/club (4)]
   838 | D:4      | Slain by Ijyb

Skill      XL: |  1  2  3  4 |
---------------+-------------+-----
Spellcasting   | 5 |  5.1
Invocations    | 1 |  1.5
Fighting       | 1 |  1.3
Short Blades   | 1 |  1.3
Long Blades    | 1 |  1.3
Axes           | 1 |  1.3
Maces & Flails | 1 |  1.3
Polearms       | 1 |  1.3
Staves         | 1 |  1.3
Slings         | 1 |  1.3
Bows           | 1 |  1.3
Crossbows      | 1 |  1.3
Throwing       | 1 |  1.3
Armour         | 1 |  1.3
Shields        | 1 |  1.3
Unarmed Combat | 1 |  1.3
Evocations     | 1 |  1.3
Conjurations   | 1 |  1.1
Hexes          | 1 |  1.1
Charms         | 1 |  1.1
Summonings     | 1 |  1.1
Translocations | 1 |  1.1
Transmutations | 1 |  1.1
Fire Magic     | 1 |  1.1
Ice Magic      | 1 |  1.1
Air Magic      | 1 |  1.1
Earth Magic    | 1 |  1.1
Poison Magic   | 1 |  1.1
Dodging        | |  4.7
Stealth        | |  4.3
Necromancy     | |  7.1

Action                   |  1- 3 |  4- 6 || total
-------------------------+-------+-------++-------
Melee: Unarmed           |     5 |       ||     5
       Quarterstaff      |     7 |     7 ||    14
       Bite              |     1 |     1 ||     2
       Dagger            |       |     1 ||     1
 Fire: Hunting sling     |     2 |     4 ||     6
Throw: Stone             |     7 |       ||     7
       Tomahawk          |     1 |       ||     1
 Cast: Pain              |    44 |    18 ||    62
       Animate Skeleton  |     7 |     1 ||     8
       Regeneration      |     1 |       ||     1
       Vampiric Draining |       |     1 ||     1
  Use: Potion            |       |     2 ||     2
       Scroll            |       |     3 ||     3
 Stab: Invisible         |       |     1 ||     1
       Sleeping          |       |     1 ||     1
Armor: Robe              |     3 |     3 ||     6
Dodge: Dodged            |    14 |     9 ||    23
